 Dungeon Crawl Stone Soup version 0.20.0-15-g7f486f2 (webtiles) character file.

1241 Hasart the Conjurer (level 8, -7/52 HPs)
             Began as a Demonspawn Fire Elementalist on June 11, 2017.
             Killed from afar by an orc wizard (9 damage)
             ... with a magic dart
             ... on level 5 of the Dungeon.
             The game lasted 00:13:20 (6388 turns).

Hasart the Conjurer (Demonspawn Fire Elementalist)  Turns: 6388, Time: 00:13:20

Health: -7/52      AC:  2    Str:  8    XL:     8   Next: 25%
Magic:  0/15       EV: 12    Int: 21    God:
Gold:   229        SH:  4    Dex: 14    Spells: 12/17 levels left

rFire    . . .     SeeInvis .   e - +3 scythe (venom)
rCold    . . .     Gourm    .   (shield currently unavailable)
rNeg     . . .     Faith    .   a - +0 robe
rPois    .         Spirit   +   (helmet restricted)
rElec    .         Reflect  .   (no cloak)
rCorr    .         Harm     .   (no gloves)
MR       +....                  (boots unavailable)
Stlth    ++........             (no amulet)
Regen    0.2/turn               m - ring of protection from magic (curse)
MPRegen  0.3/turn               (no ring)

@: no status effects
A: beak, talons 3, large bone plates 1, clever 1, magic shield, magic
regeneration
a: no special abilities


You were on level 5 of the Dungeon.
You were near starving.

You visited 1 branch of the dungeon, and saw 5 of its levels.
You also visited: Sewer.

You collected 229 gold pieces.

Inventory:

Hand Weapons
 e - a +3 scythe of venom (weapon)
 h - a +1 short sword of protection
Armour
 a - a +0 robe (worn)
 i - a +0 helmet
Jewellery
 m - a cursed ring of protection from magic (left hand)
Scrolls
 d - a scroll of magic mapping {unknown}
 f - 6 scrolls of identify {unknown}
 g - a scroll of recharging {unknown}
 k - a scroll of fog {unknown}
 l - a scroll of enchant armour {unknown}
 s - 2 scrolls of teleportation {unknown}
 t - a scroll of random uselessness {unknown}
 u - a scroll of immolation {unknown}
Potions
 j - 3 potions of agility
 r - a potion of flight {unknown}
 v - a potion of magic {unknown}
Books
 b - a book of Flames

   Spells                             Type                      Level
   a - Flame Tongue                   Conjuration/Fire             1
   b - Throw Flame                    Conjuration/Fire             2
   c - Conjure Flame                  Conjuration/Fire             3
   d - Inner Flame                    Hexes/Fire                   3
   e - Sticky Flame                   Conjuration/Fire             4
   f - Fireball                       Conjuration/Fire             5
 n - Sif Muna's Papyrus of Warped Calling
   (You found it in a sewer)

   Spells                             Type                      Level
   a - Summon Small Mammal            Summoning                    1
   b - Shroud of Golubria             Charms/Translocation         2
   c - Blink                          Translocation                2
   d - Spellforged Servitor           Conjuration/Summoning        7
   e - Summon Hydra                   Summoning                    7
Comestibles
 c - 4 bread rations
 p - a meat ration
 q - a fruit


   Skills:
 - Level 1.7 Dodging
 - Level 1.7 Stealth
 + Level 5.0 Spellcasting
 * Level 7.0 Conjurations
 + Level 5.1 Fire Magic


You had 12 spell levels left.
You knew the following spells:

 Your Spells              Type           Power        Failure   Level  Hunger
a - Flame Tongue          Conj/Fire      ####.        1%          1    None
b - Sticky Flame          Conj/Fire      ####....     9%          4    ####...


Dungeon Overview and Level Annotations

Branches:
Dungeon (5/15)
 Temple: D:4-7

Altars:
Dithmenos
Elyvilon
Hepliaklqana
Trog


Innate Abilities, Weirdness & Mutations

You have claws for feet.
You are partially covered in large bone plates. (SH +4)
When hurt, damage is shared between your health and your magic reserves.
You regenerate magic rapidly.
You have a beak for a mouth.
Your mind is acute. (Int +2)


Message History

Unknown command.
You miss the orc wizard. Your peck misses the orc wizard.
The orc wizard is heavily wounded.
The orc wizard hits you with a rapier!
* * * LOW HITPOINT WARNING * * *
The orc wizard closely misses you. You block the orc's attack.
The orc wizard hits you with a rapier.
* * * LOW HITPOINT WARNING * * *
The orc wizard points at you and mumbles some strange words.
The puff of flame hits you!
* * * LOW HITPOINT WARNING * * *
The orc barely misses you. The orc wizard barely misses you. x2
You barely miss the orc wizard. Your kick misses the orc wizard.
Your peck misses the orc wizard.
The orc wizard is heavily wounded.
The orc wizard barely misses you. You block the orc wizard's attack.
The orc misses you.
The orc wizard points at you and mumbles some strange words.
The magic dart hits you!
You die...

#.. #...................
#...##........###.##.#...
........?................
..............###..#.#....
#######.......###.@#.#....
#....)...<.#......?..
###.#....#.##.#####.
###...ooo#.##.#####.
........@............#
........#..#.##.####..#
........#.........
......#>............
#####.###.##.##.####.# #.
#.##.##.# # #.##.##.#
#+##.# .#


You could see 2 orc wizards and an orc.

Vanquished Creatures
  A hippogriff (D:5)
  Sigmund (D:2)
  Edmund (D:5)
  An ice beast (D:5)
  A centaur (D:3)
  2 bullfrogs (Sewer)
  A howler monkey (D:5)
  A hound (D:4)
  A centaur skeleton (D:4)
  Terence (D:2)
  2 worker ants (D:4)
  Robin (D:2)
  6 gnolls
  9 adders
  A river rat (D:3)
  2 oozes (D:3)
  A worm (D:3)
  5 leopard geckos
  13 orcs
  4 ball pythons
  9 giant cockroaches
  17 goblins
  10 hobgoblins
  6 jackals
  10 kobolds
  2 quokkas (D:3)
  11 bats
  13 frilled lizards
  17 rats
150 creatures vanquished.

Notes
Turn   | Place    | Note
-------+----------+-------------------------------------------
     0 | D:1      | Hasart the Demonspawn Fire Elementalist began the quest for the Orb.
     0 | D:1      | Reached XP level 1. HP: 13/13 MP: 3/3
   568 | D:1      | Gained mutation: You are partially covered in large bone plates. (SH +4) [demonic ancestry]
   568 | D:1      | Reached XP level 2. HP: 19/19 MP: 3/5
   766 | D:1      | Reached skill level 2 in Conjurations
  1441 | D:2      | Gained mutation: You have sharp toenails. [demonic ancestry]
  1441 | D:2      | Reached XP level 3. HP: 24/24 MP: 1/6
  1443 | D:2      | Noticed Robin
  1711 | D:2      | Killed Robin
  1830 | D:2      | Noticed Terence
  1933 | D:2      | Killed Terence
  1933 | D:2      | Reached skill level 3 in Conjurations
  1933 | D:2      | Gained mutation: When hurt, damage is shared between your health and your magic reserves. [demonic ancestry]
  1933 | D:2      | Reached XP level 4. HP: 4/30 MP: 0/8
  2202 | D:2      | Found a bloodstained altar of Trog.
  2473 | D:2      | Noticed Sigmund
  2474 | D:2      | Gained mutation: You are frail. (-10% HP) [potion of mutation]
  2474 | D:2      | Gained mutation: You have an increased reservoir of magic. (+10% MP) [potion of mutation]
  2474 | D:2      | Gained mutation: You have a beak for a mouth. [potion of mutation]
  2474 | D:2      | Gained mutation: You evolve. [potion of mutation]
  2480 | D:2      | Killed Sigmund
  2480 | D:2      | Reached skill level 4 in Conjurations
  2480 | D:2      | Gained mutation: You regenerate magic rapidly. [demonic ancestry]
  2480 | D:2      | Reached XP level 5. HP: 31/31 MP: 2/11
  2594 | D:2      | Reached XP level 6. HP: 24/36 MP: 10/12
  2816 | D:2      | Learned a level 4 spell: Sticky Flame
  3211 | D:3      | Found a white marble altar of Elyvilon.
  3414 | D:3      | Found a glowing drain.
  3457 | Sewer    | Entered a sewer
  3612 | Sewer    | Lost mutation: You are frail. (-10% HP) [evolution]
  3704 | Sewer    | Identified Sif Muna's Papyrus of Warped Calling
  3714 | Sewer    | Reached skill level 5 in Conjurations
  3728 | Sewer    | Lost mutation: You have an increased reservoir of magic. (+10% MP) [potion of mutation]
  3728 | Sewer    | Lost mutation: You evolve. [potion of mutation]
  3728 | Sewer    | Gained mutation: Your muscles are strong. (Str +2) [potion of mutation]
  3728 | Sewer    | Lost mutation: Your muscles are strong. (Str +2) [potion of mutation]
  3728 | Sewer    | Gained mutation: Your mind is acute. (Int +2) [potion of mutation]
  4176 | D:3      | Gained mutation: You have razor-sharp toenails. [demonic ancestry]
  4176 | D:3      | Reached XP level 7. HP: 12/46 MP: 3/12
  5504 | D:4      | Found a hazy altar of Hepliaklqana.
  5718 | D:4      | Found a shadowy altar of Dithmenos.
  6038 | D:5      | Entered Level 5 of the Dungeon
  6047 | D:5      | Reached skill level 6 in Conjurations
  6050 | D:5      | Noticed Edmund
  6057 | D:5      | Noticed a hippogriff
  6076 | D:5      | Killed a hippogriff
  6076 | D:5      | Gained mutation: You have claws for feet. [demonic ancestry]
  6076 | D:5      | Reached XP level 8. HP: 13/52 MP: 1/15
  6372 | D:5      | Reached skill level 5 in Fire Magic
  6375 | D:5      | Killed Edmund
  6375 | D:5      | Reached skill level 5 in Spellcasting
  6375 | D:5      | Reached skill level 7 in Conjurations
  6385 | D:5      | HP: 2/52 [orc/war axe (7)]
  6388 | D:5      | Killed from afar by an orc wizard

Skill      XL: |  1  2  3  4  5  6  7  8 |
---------------+-------------------------+-----
Conjurations   | 2 3 4 5 6 7 |  7.0
Fire Magic     | 3 4 5 |  5.1
Spellcasting   | 3 4 5 |  5.0
Dodging        | |  1.7
Stealth        | |  1.7

Action                   |  1- 3 |  4- 6 |  7- 9 || total
-------------------------+-------+-------+-------++-------
Melee: Unarmed           |    20 |       |       ||    20
       Short sword       |    51 |    13 |       ||    64
       Kick              |     2 |     9 |    15 ||    26
       Scythe            |       |   118 |    86 ||   204
       Peck              |       |     9 |    13 ||    22
 Cast: Flame Tongue      |    58 |    31 |    44 ||   133
       Sticky Flame      |       |       |     7 ||     7
  Use: Potion            |     2 |     3 |     1 ||     6
 Stab: Sleeping          |     1 |     6 |     4 ||    11
  Eat: Chunk             |     3 |     9 |     6 ||    18
Armor: Robe              |    17 |    35 |    21 ||    73
       Skin              |    14 |       |       ||    14
Dodge: Dodged            |    56 |   134 |   144 ||   334
Block: Other             |    15 |    39 |    26 ||    80
